 Dungeon Crawl Stone Soup version 0.17-a0-1399-gd5b76e1 (webtiles) character file.

55 bal the Insei (level 3, 0/20 HPs)
             Began as a Vine Stalker Monk on June 19, 2015.
             Slain by a sky beast (2 damage)
             ... on level 4 of the Dungeon.
             The game lasted 00:06:53 (855 turns).

bal the Insei (Vine Stalker Monk)                    Turns: 855, Time: 00:06:53

Health: 0/20       AC:  3    Str: 13    XL:     3   Next: 93%
Magic:  0/4        EV: 13    Int: 10    God:
Gold:   58         SH:  0    Dex: 17    Spells: 0 memorised, 2 levels left

rFire  . . .     SeeInvis .       - Unarmed
rCold  . . .     Clarity  .     a - +0 robe
rNeg   . . .     SustAt   .     (no shield)
rPois  .         Gourm    .     h - +0 helmet
rElec  .         Spirit   +     (no cloak)
rCorr  .         Warding  .     (no gloves)
rMut   .         Stasis   .     (no boots)
MR     .....                    (no amulet)
Stlth  ++........               (no ring)
                                (no ring)

@: not resistant to hostile enchantments, unstealthy
A: fangs 2, regeneration 1, magic shield, antimagic bite, no device heal 3, rot
immunity
a: no special abilities


You were on level 4 of the Dungeon.
You were not hungry.

You visited 1 branch of the dungeon, and saw 3 of its levels.

You collected 58 gold pieces.

Inventory:

Armour
 a - a +0 robe (worn)
 c - a +0 helmet
 h - a +0 helmet (worn)
Jewellery
 i - an uncursed amulet of the gourmand {unknown}
Scrolls
 d - a scroll of amnesia
Potions
 e - a potion of brilliance {unknown}
Comestibles
 b - 4 bread rations
 g - 2 meat rations


   Skills:
 + Level 3.5 Fighting
 + Level 2.5 Dodging
 + Level 3.0 Stealth
 + Level 4.4 Unarmed Combat


You had 2 spell levels left.
You didn't know any spells.

Dungeon Overview and Level Annotations

Branches:
Dungeon (4/15)
 Temple: D:4-7

Altars:
Ashenzari


Innate Abilities, Weirdness & Mutations

You have extremely sharp teeth.
Your natural rate of healing is unusually fast.
When hurt, damage is shared between your health and your magic reserves.
Your bite disrupts and absorbs the magic of your enemies.
Potions and wands cannot restore your health.
You are immune to rotting.


Message History

You see here 3 gold pieces.
There is a stone staircase leading down here.
You hit the sky beast but do no damage. Your bite misses the sky beast.
The sky beast flickers out of sight!
Deactivating autopickup; reactivate with Ctrl-A.
Something hits you. Something shocks you.
You miss something. You completely miss something. You bite something.
You drain its power.
You feel invigorated. Something barely misses you.
You closely miss something. Your bite misses something.
Something completely misses you.
You closely miss something. Your bite misses something. Something hits you.
Something shocks you.
* * * LOW HITPOINT WARNING * * *
You hit something but do no damage. You bite something. You drain its power.
You feel invigorated. Something hits you but does no damage.
You hit something. You bite something. You drain its power. Something hits you.
* * * LOW HITPOINT WARNING * * *
Something shocks you.
You die...

##. ####.. .... ##..##
#....# #....####.
#############.........
#...{@>..$.......#
....###########....# #
#....# ##..## ####


There were no monsters in sight!

Vanquished Creatures
  2 adders (D:2)
  A worm (D:2)
  A ball python (D:2)
  4 bats (D:1)
  6 hobgoblins (D:1)
  3 jackals (D:2)
  A quokka (D:2)
  A giant gecko (D:1)
  4 giant newts
  3 goblins
  2 kobolds (D:1)
  5 rats (D:1)
33 creatures vanquished.

Notes
Turn   | Place    | Note
--------------------------------------------------------------
     0 | D:1      | bal the Vine Stalker Monk began the quest for the Orb.
     0 | D:1      | Reached XP level 1. HP: 11/11 MP: 2/2
   101 | D:1      | Reached XP level 2. HP: 13/16 MP: 3/3
   296 | D:1      | Found a shattered altar of Ashenzari.
   656 | D:2      | Reached XP level 3. HP: 20/20 MP: 4/4
   837 | D:2      | You fall through a shaft for 2 floors!
   843 | D:4      | Noticed a sky beast
   855 | D:4      | Slain by a sky beast

Vault maps used:
D:1:      dpeg_arrival_windows_large_door, minivault_27, minivault_25,
          nicolae_ashenzari_panopticon
D:2:      led_sif_pool, nicolae_overflow_hidden_temple, uniq_jessica
D:4:      serial_shops, nicolae_shop_crystal, first_bread

Action                   || total
-------------------------++-------
Melee: Unarmed           ||    88
  Use: Scroll            ||     3
 Stab: Sleeping          ||     9
